cohdb
Replays
Latest Replays
All Replays
Popular Replays
Top Player Replays
Match Explorer
How It Works
Community
CoH3 Stats
Reddit
Sign in to upload your games and track your stats! →
Sign in with Steam
Match 42953469
Unlisted
Match 42953469
Overview
Messages
Build Orders
End
Scout Squad
Selects Airborne Battlegroup
Selects Pathfinders
Construct Weapon Support Center
M1919 Machine Gun Team
M1919 Machine Gun Team
Bazooka Squad
Infantry Support Center
M3 Armored Personnel Carrier
Engineer Squad
Construct Medical Station
Selects Recon Loiter
Recon Loiter
M3 Armored Personnel Carrier
Selects Paratrooper Squad Paradrop
Paratrooper Squad Paradrop
Ra11
DangerouslyDumb
Ooga Boogatti
aSIIDemolitionHammer
CLUBs37
Valieriumborn
Computer - Hard
Jimm-e
0
0
Comments
sign in to comment!
No comments posted yet!